 Dungeon Crawl Stone Soup version 0.30-a0-1161-g0704695555 (webtiles) character file.

Game seed: 16323709808008771078

74343 Jase the Severer (level 15, -7/139 HPs)
             Began as a Hill Orc Fighter on Apr 27, 2023.
             Was a Follower of Uskayaw.
             Killed from afar by Nikola (105 damage)
             ... with an arc of chain lightning
             ... on level 1 of the Shoals.
             The game lasted 01:34:13 (25669 turns).

Jase the Severer (Hill Orc Fighter)                Turns: 25669, Time: 01:34:13

Health: -7/139     AC: 29    Str: 27    XL:     15   Next: 46%
Magic:  26/26      EV:  8    Int:  8    God:    Uskayaw [*.....]
Gold:   2530       SH:  5    Dex: 10    Spells: 14/14 levels left

rFire   . . .        a - +0 battleaxe (freeze)
rCold   + . .        (shield currently unavailable)
rNeg    . . .        Q - +1 plate armour
rPois   .            k - +2 helmet
rElec   .            g - scarf {repulsion}
rCorr   .            z - +2 pair of gloves
SInv    .            R - +3 pair of seven-league boots {Rampage+∞}
Will    +....        w - amulet of reflection Stlth
                     s - ring of protection from cold
HPRegen 0.43/turn    X - ring of flight
MPRegen 0.20/turn

%: repel missiles, reflection, rampage+∞
@: flying, studying Axes
A: no striking features
a: Renounce Religion, Stomp


You were on level 1 of the Shoals.
You worshipped Uskayaw.
Uskayaw was pleased with you.
You visited 4 branches of the dungeon, and saw 22 of its levels.
You also visited: Bailey.

You collected 3281 gold pieces.
You spent 751 gold pieces at shops.

Inventory:

Hand Weapons
 a - a +0 battleaxe of freezing (weapon)
 b - a +1 vampiric war axe
 c - a +0 shortbow of freezing
Missiles
 l - 2 curare-tipped darts (quivered)
 D - 22 boomerangs
 L - 24 poisoned darts
 O - 2 throwing nets
Armour
 g - a scarf of repulsion (worn)
 k - a +2 helmet (worn)
 z - a +2 pair of gloves (worn)
 G - a +0 scale mail of fire resistance
 Q - a +1 plate armour (worn)
 R - the +3 pair of seven-league boots (worn) {Rampage+∞}
   (You found it in a bailey)

   Rampage+∞: When moving toward enemies, its wearer moves as far as possible.
Jewellery
 j - an amulet of guardian spirit
 s - a ring of protection from cold (left hand)
 w - an amulet of reflection (around neck)
 N - a +5 ring of evasion
 X - a ring of flight (right hand)
Wands
 o - a wand of flame (11)
 A - a wand of acid (11)
 I - a wand of paralysis (15)
 K - a wand of iceblast (15)
 M - a wand of mindburst (12)
 S - a wand of polymorph (8)
 T - a wand of digging (3)
Scrolls
 f - 7 scrolls of fog
 h - 7 scrolls of enchant armour
 m - 12 scrolls of teleportation
 n - a scroll of fear
 p - 2 scrolls of identify
 q - a scroll of silence
 t - a scroll of butterflies
 y - 4 scrolls of enchant weapon
 P - 3 scrolls of magic mapping
 Y - a scroll of blinking
Potions
 e - a potion of ambrosia
 i - a potion of berserk rage
 r - 5 potions of brilliance
 u - 6 potions of heal wounds
 v - 6 potions of might
 x - 6 potions of invisibility
 B - a potion of cancellation
 C - 12 potions of curing
 E - 4 potions of attraction
 F - 6 potions of flight
 H - 9 potions of haste
 J - 2 potions of mutation
 U - 2 potions of resistance
 V - 2 potions of magic
Miscellaneous
 W - a box of beasts


   Skills:
 + Level 14.9 Fighting
 - Level 3.0 Long Blades
 + Level 20.3 Axes
 + Level 6.4 Ranged Weapons
 + Level 13.8 Armour
 - Level 3.2 Shields
 + Level 15.0 Invocations


You had 14 spell levels left.
You didn't know any spells.
Your spell library contained the following spells:

 Spells                   Type           Power      Damage    Failure   Level
 Magic Dart               Conj           0%         1d3       96%         1
 Slow                     Hex            0%         N/A       96%         1
 Blink                    Tloc           0%         N/A       99%         2
 Lesser Beckoning         Tloc           0%         N/A       99%         2
 Momentum Strike          Conj/Tloc      0%         3d8       99%         2
 Scorch                   Fire           0%         2d5       99%         2
 Searing Ray              Conj           0%         2d4       99%         2
 Sublimation of Blood     Necr           0%         N/A       99%         2
 Confusing Touch          Hex            0%         N/A       100%        3
 Inner Flame              Hex/Fire       0%         N/A       100%        3
 Ozocubu's Armour         Ice            0%         N/A       100%        3
 Vampiric Draining        Necr           0%         2d6       100%        3
 Vhi's Electric Charge    Tloc/Air       0%         N/A       100%        3
 Flame Wave               Conj/Fire      0%         2d4       100%        4
 Fulminant Prism          Conj/Hex       0%         3d5       100%        4
 Petrify                  Tmut/Erth      0%         N/A       100%        4
 Arcjolt                  Conj/Air       0%         1d10      100%        5
 Irradiate                Conj/Tmut      0%         3d11      100%        5
 Iskenderun's Battlesphe  Conj           0%         2d6       100%        5
 Yara's Violent Unravell  Hex/Tmut       0%         3d3       100%        5
 Iron Shot                Conj/Erth      0%         9d1       100%        6
 Plasma Beam              Fire/Air       0%         2x1d11    100%        6
 Summon Cactus Giant      Summ           0%         N/A       100%        6
 Enfeeble                 Hex            0%         N/A       100%        7
 Ozocubu's Refrigeration  Ice            0%         4d7       100%        7
 Spellforged Servitor     Conj/Summ      0%         N/A       100%        7
 Maxwell's Capacitive Co  Air            0%         ∞         100%        8


Dungeon Overview and Level Annotations

Branches:
Dungeon (14/15)            Temple (0/1) D:4            Lair (5/5) D:11
 Shoals (1/4) Lair:2       Spider (0/4) Lair:2        Slime (0/5) Lair:5
    Orc (2/2) D:9             Elf (0/3) Orc:2        Bailey (visited)
 Vaults: D:13-14

Altars:
Ashenzari
Cheibriados
Gozag
Hepliaklqana
Makhleb
Nemelex Xobeh
Okawaru
Qazlal
Ru
Sif Muna
Trog
Uskayaw
Wu Jian
Xom
The Shining One
Beogh
Jiyva

Shops:
D:1 !*   Orc:2 *(![[

Annotations:
D:12 1 runed translucent door
Lair:5 exclusion: obsidian statue
Shoals:1 Nikola


Message History

Things that are here:
a +0 trident; 2 silver boomerangs A manticore comes into view.
Things that are here:
a +0 trident; 2 silver boomerangs You start waiting.
A manticore is nearby!
The manticore barely misses you. The manticore misses you.
The manticore claws you but does no damage.
You slice the manticore!! You freeze the manticore!
The manticore is heavily wounded.
The manticore bites you but does no damage.
The manticore claws you but does no damage.
The manticore closely misses you.
You slice the manticore!! You freeze the manticore!
You kill the manticore!
You can now pass through a line of other dancers.
Things that are here:
a +0 trident; 2 silver boomerangs; a manticore corpse
U - 2 potions of resistance (gained 1)
A water elemental comes into view.
Nikola the Mad Inventor comes into view.
He is wielding a +2 rapier of electrocution and wearing a +2 cloak of willpower.
Nikola shouts!
Unknown command.
Nikola gestures wildly while chanting.
Nikola blinks!
You stride towards the water elemental!
You slice the water elemental!! You freeze the water elemental!
You destroy the water elemental!
Okay, then.
Nikola casts a spell.
Lightning arcs from Nikola's hands!
The bolt of lightning hits you!!!!
Ouch! That really hurt!
A bolt of lightning appears from out of thin air!
The bolt of lightning hits Nikola.
You feel much better.
Nikola gestures wildly while chanting.
Lightning arcs from Nikola's hands!
The bolt of lightning hits you!!!!
Ouch! That really hurt!
You die...

~~~~~##~~~~..~~~~##~~~≈≈~~~~~~~~.
~~...###.~~..~~~###~~≈≈≈≈≈≈~P~~~~
......#~#~~~~~####~~~≈≈≈≈≈≈≈P~~~~
.....~.#~#~~.)###.~~~≈≈≈≈≈≈≈~~~P~
......~..~~~~~~~~~~~~≈≈≈≈≈≈≈~~~~≈
.........~~~~~~~~~~~≈≈≈≈≈≈
..........~~....~~~~~~≈≈≈≈
..~~....###.@.~~~~~≈≈≈~ ..~.....#
###@~~~~~≈~~. ..#..$..#
#.~~~≈≈≈~.~ #....## #....~~~~~~
#..~~. ##...~~~~~~ .......
###..~~≈~~ ~§...~. .~~~≈..
....~~. .~~~~.. .~~~~.. .~~~~~~


You could see Nikola.

Vanquished Creatures
  An orc warlord (Orc:2)
  3 dire elephants (Lair:5)
  Azrael (D:12)
  Snorg (D:14)
  An ettin (Orc:2)
  Harold (D:9)
  4 hydras
  The ghost of jlumianski the Basher, a journeyman DsFi of Okawaru (D:10)
  5 two-headed ogres
  2 boulder beetles
  7 death yaks
  2 orc high priests
  2 skysharks (Shoals:1)
  A spectral death yak (Lair:5)
  A spectral anaconda (Lair:5)
  The ghost of Sleet the Covert, a novice SpEn of Dithmenos (D:10)
  A sea snake (Shoals:1)
  A deep elf pyromancer (D:12)
  4 necromancers (Lair:5)
  7 orc knights
  3 harpies (Shoals:1)
  3 ugly things
  An oklob plant (Lair:2)
  7 cyclopes
  2 manticores (Shoals:1)
  5 orc sorcerers
  9 elephants (Lair:5)
  Maurice (D:12)
  5 black mambas
  A molten gargoyle (Lair:3)
  Maggie (D:9)
  10 cane toads
  2 gargoyles
  A dire elephant skeleton (Lair:5)
  An efreet (D:8)
  3 rime drakes
  3 komodo dragons
  3 polar bears
  13 trolls
  3 merfolk (Shoals:1)
  5 saltlings (Orc:2)
  A wind drake (Shoals:1)
  A spectral elephant (Lair:5)
  2 hornets
  14 blink frogs
  2 vampires (D:9)
  11 slime creatures
  A shadow (D:12)
  3 wyverns
  2 water elementals (Shoals:1)
  41 yaks
  2 fire elementals (D:12)
  3 wraiths
  3 basilisks
  2 vampire mosquitoes (D:12)
  A steam dragon (D:9)
  3 wargs
  2 acid dragons (D:11)
  2 hell hounds
  11 water moccasins
  A floating eye (shapeshifter) (D:14)
  21 orc warriors
  An elephant zombie (Lair:5)
  2 black bears
  A black bear (shapeshifter) (D:13)
  2 ice beasts (D:5)
  7 ogres
  An elephant skeleton (Lair:5)
  9 centaurs
  2 phantoms (D:5)
  A gnoll sergeant (Orc:2)
  10 bullfrogs
  6 scorpions
  17 wights
  13 killer bees
  4 electric eels (Bailey)
  7 howler monkeys
  6 jellies
  17 orc priests
  2 hounds
  3 sleepcaps (D:6)
  Terence (D:2)
  5 iguanas
  26 orc wizards
  A mummy (D:9)
  6 gnolls
  9 adders
  3 white imps
  3 ufetubi
  4 dart slugs
  69 orcs
  7 bats
  5 endoplasms
  A giant cockroach (D:3)
  20 goblins
  10 hobgoblins
  11 jackals
  7 kobolds
  2 quokkas
  5 ball pythons
  2 frilled lizards
  8 rats
  A fire vortex (Lair:3)
575 creatures vanquished.

Vanquished Creatures (others)
  27 fungi
  4 pillars of salt (Orc:2)
  31 plants
  13 withered plants (Lair:5)
75 creatures vanquished.

Grand Total: 650 creatures vanquished

Notes
Turn   | Place    | Note
-------+----------+-------------------------------------------
     0 | D:1      | Jase the Hill Orc Fighter began the quest for the Orb.
     0 | D:1      | Reached XP level 1. HP: 19/19 MP: 1/1
   190 | D:1      | Reached skill level 3 in Axes
   234 | D:1      | Found Orab's Assorted Antiques.
   306 | D:1      | Reached XP level 2. HP: 27/27 MP: 2/2
   401 | D:1      | Found Doikke's Distillery.
   407 | D:1      | Bought a potion of degeneration for 10 gold pieces
   457 | D:1      | Reached XP level 3. HP: 32/33 MP: 1/3
   762 | D:2      | Noticed Terence
   780 | D:2      | Killed Terence
   781 | D:2      | Reached XP level 4. HP: 10/41 MP: 1/4
   952 | D:2      | Reached skill level 4 in Axes
  1753 | D:3      | Reached XP level 5. HP: 42/47 MP: 3/5
  1788 | D:3      | Reached skill level 5 in Fighting
  2659 | D:4      | Reached skill level 5 in Axes
  2711 | D:4      | Found a staircase to the Ecumenical Temple.
  2718 | D:4      | Reached XP level 6. HP: 48/56 MP: 4/6
  2758 | D:4      | Reached skill level 5 in Armour
  3402 | D:4      | Found a faded altar of an unknown god.
  3402 | D:4      | Found a hazy altar of Hepliaklqana.
  3409 | D:4      | Found a faded altar of an unknown god.
  3425 | D:4      | Prayed at the altar of an unknown god.
  3425 | D:4      | Became a worshipper of Uskayaw the Reveller
  3425 | D:4      | Reached * piety under Uskayaw
  3547 | D:5      | Entered Level 5 of the Dungeon
  3550 | D:5      | Reached ** piety under Uskayaw
  3610 | D:5      | Found an opulent altar of Gozag.
  3630 | D:5      | Noticed an ice beast
  3638 | D:5      | Reached skill level 6 in Axes
  3638 | D:5      | Reached skill level 1 in Invocations
  3638 | D:5      | Reached XP level 7. HP: 61/63 MP: 5/7
  3643 | D:5      | Reached *** piety under Uskayaw
  3645 | D:5      | Reached **** piety under Uskayaw
  4101 | D:5      | Reached skill level 7 in Axes
  4208 | D:5      | Reached XP level 8. HP: 59/71 MP: 7/10
  4392 | D:5      | Reached skill level 8 in Axes
  4508 | D:6      | Found a stormy altar of Qazlal.
  4940 | D:6      | Reached skill level 9 in Axes
  5120 | D:6      | Reached XP level 9. HP: 79/79 MP: 12/12
  5138 | D:6      | Reached skill level 5 in Invocations
  5308 | D:6      | Reached skill level 10 in Axes
  5456 | D:6      | Found a bloodstained altar of Trog.
  5456 | D:6      | Found an iron altar of Okawaru.
  5803 | D:7      | Identified the +0 long sword of Defence by Offence {venom,
                  | rPois Int+3 Dex+3}
  6543 | D:8      | Noticed a gargoyle
  6552 | D:8      | Killed a gargoyle
  6553 | D:8      | Reached skill level 11 in Axes
  6767 | D:8      | Noticed a two-headed ogre
  6791 | D:8      | Killed a two-headed ogre
  6792 | D:8      | Reached XP level 10. HP: 80/90 MP: 11/15
  7302 | D:8      | Reached skill level 12 in Axes
  7865 | D:8      | Noticed a two-headed ogre
  7872 | D:8      | Killed a two-headed ogre
  7928 | D:8      | Noticed a cyclops
  7952 | D:8      | Killed a cyclops
  8134 | D:9      | Upgraded the game from 0.30-a0-1160-g6e42c06551 to
                  | 0.30-a0-1161-g0704695555
  8135 | D:9      | Found a staircase to the Orcish Mines.
  8136 | D:9      | Noticed Harold
  8143 | D:9      | Found a burning altar of Makhleb.
  8151 | D:9      | Killed Harold
  8152 | D:9      | Reached skill level 13 in Axes
  8163 | D:9      | Reached ***** piety under Uskayaw
  8262 | D:9      | Found a shimmering altar of Xom.
  8265 | D:9      | Found a shimmering altar of Xom.
  8265 | D:9      | Found a shimmering altar of Xom.
  8267 | D:9      | Found a shimmering altar of Xom.
  8267 | D:9      | Found a shimmering altar of Xom.
  8269 | D:9      | Found a shimmering altar of Xom.
  8285 | D:9      | Identified the +5 rapier of Contradiction {drain, rC+ Int+3
                  | Dex+3 Stlth-}
  8388 | D:9      | Reached XP level 11. HP: 99/99 MP: 17/17
  8399 | D:9      | Reached skill level 10 in Fighting
  8442 | D:9      | Noticed Maggie
  8452 | D:9      | Killed Maggie
  8482 | D:9      | Found a flagged portal.
  8528 | D:9      | Reached ****** piety under Uskayaw
  8553 | Bailey   | Entered a bailey
  8742 | Bailey   | Noticed an orc knight
  8758 | Bailey   | Killed an orc knight
  8759 | Bailey   | Reached skill level 14 in Axes
  8843 | Bailey   | Noticed an orc knight
  8871 | Bailey   | Killed an orc knight
  9178 | Bailey   | Acquired 712 gold pieces
  9279 | Bailey   | Noticed an orc high priest
  9292 | Bailey   | Noticed an orc knight
  9412 | Bailey   | Killed an orc knight
  9468 | Bailey   | Found an iron altar of Okawaru.
  9470 | Bailey   | Noticed an orc sorcerer
  9484 | Bailey   | Killed an orc sorcerer
  9486 | Bailey   | Killed an orc high priest
  9577 | Bailey   | Found the +3 pair of seven-league boots {Rampage+∞}
  9963 | D:9      | Reached skill level 10 in Armour
 10118 | D:9      | Found a sacrificial altar of Ru.
 10142 | D:9      | Found an ornate altar of the Wu Jian Council.
 10142 | D:9      | Found a shimmering blue altar of Sif Muna.
 10143 | D:9      | Found a glowing golden altar of the Shining One.
 10172 | D:9      | Found a snail-covered altar of Cheibriados.
 10348 | D:10     | Entered Level 10 of the Dungeon
 10374 | D:10     | Reached skill level 10 in Invocations
 10418 | D:10     | Found a runed translucent gate.
 10419 | D:10     | Found a runed translucent gate.
 10419 | D:10     | Found a runed translucent gate.
 10421 | D:10     | Noticed Sleet's ghost (novice SpEn)
 10421 | D:10     | Noticed jlumianski's ghost (journeyman DsFi)
 10511 | D:10     | Found a broken altar of Ashenzari.
 10567 | D:10     | Reached skill level 15 in Axes
 10737 | D:10     | Reached XP level 12. HP: 93/106 MP: 14/19
 11236 | D:11     | Found a staircase to the Lair.
 11265 | D:11     | Noticed a two-headed ogre
 11320 | D:11     | Killed a two-headed ogre
 11578 | D:11     | Noticed a boulder beetle
 11622 | D:11     | Found a sparkling altar of Nemelex Xobeh.
 11747 | D:11     | Noticed a two-headed ogre
 11759 | D:11     | Killed a two-headed ogre
 11882 | D:11     | Reached skill level 16 in Axes
 12147 | D:11     | Killed a boulder beetle
 12202 | Lair:1   | Entered Level 1 of the Lair of Beasts
 12360 | Lair:1   | Found a sacrificial altar of Ru.
 13406 | Lair:2   | Reached skill level 17 in Axes
 13625 | Lair:2   | Reached XP level 13. HP: 116/119 MP: 19/21
 13890 | Lair:2   | Found a staircase to the Shoals.
 14088 | Lair:2   | Found a hole to the Spider Nest.
 15960 | Lair:4   | Reached skill level 1 in Ranged Weapons
 16916 | Lair:4   | Reached skill level 18 in Axes
 17714 | Lair:5   | Entered Level 5 of the Lair of Beasts
 17740 | Lair:4   | Reached skill level 1 in Long Blades
 18370 | Lair:5   | Identified the +4 dagger "Nehuc" {antimagic, Dex+4 SInv
                  | Stlth+}
 18902 | Lair:5   | Reached XP level 14. HP: 129/129 MP: 23/23
 19009 | Lair:5   | Found a viscous altar of Jiyva.
 19042 | Lair:5   | Found a staircase to the Slime Pits.
 19113 | Lair:5   | Noticed a dire elephant
 19113 | Lair:5   | Noticed a dire elephant
 19115 | Lair:5   | Noticed a dire elephant
 19127 | Lair:5   | Killed a dire elephant
 19254 | Lair:5   | Reached skill level 19 in Axes
 19276 | Lair:5   | Killed a dire elephant
 19277 | Lair:5   | Killed a dire elephant
 19934 | Orc:1    | Entered Level 1 of the Orcish Mines
 20552 | Orc:2    | Entered Level 2 of the Orcish Mines
 20937 | Orc:2    | Found Lon Maopn's Antique Armour Shoppe.
 21562 | Orc:2    | Found a staircase to the Elven Halls.
 21713 | Orc:2    | Noticed an orc warlord
 21733 | Orc:2    | Killed an orc warlord
 21737 | Orc:2    | Found Rumesear's Antique Weapon Boutique.
 21737 | Orc:2    | Found Raigan Ophi's Distillery.
 21739 | Orc:2    | Found a roughly hewn altar of Beogh.
 21900 | Orc:2    | Bought a potion of ambrosia for 112 gold pieces
 21900 | Orc:2    | Bought 2 potions of curing for 84 gold pieces
 21900 | Orc:2    | Bought a potion of heal wounds for 70 gold pieces
 21900 | Orc:2    | Bought a potion of curing for 42 gold pieces
 21900 | Orc:2    | Bought a potion of might for 56 gold pieces
 21900 | Orc:2    | Bought a potion of heal wounds for 70 gold pieces
 21930 | Orc:2    | Found Kamoneon's Armour Emporium.
 21943 | Orc:2    | Bought a scarf of repulsion for 192 gold pieces
 21989 | Orc:2    | Found Giegh's Assorted Antiques.
 22000 | Orc:2    | Bought a scratched golden ring for 115 gold pieces
 22319 | Lair:5   | Reached skill level 20 in Axes
 22324 | Lair:5   | Reached skill level 5 in Ranged Weapons
 22669 | D:12     | Noticed Azrael
 22770 | D:12     | Killed Azrael
 22771 | D:12     | Reached XP level 15. HP: 127/139 MP: 22/25
 22997 | D:12     | Noticed Maurice
 23018 | D:12     | Killed Maurice
 23581 | D:12     | Acquired a ring of flight
 23699 | D:12     | Found a runed translucent door.
 23705 | D:12     | Noticed a fire giant
 23990 | D:10     | Killed jlumianski's ghost
 23994 | D:10     | Killed Sleet's ghost
 24864 | D:14     | Noticed Snorg
 24877 | D:14     | Killed Snorg
 25051 | Shoals:1 | Entered Level 1 of the Shoals
 25375 | Shoals:1 | Reached skill level 15 in Invocations
 25648 | Shoals:1 | Noticed Nikola
 25669 | Shoals:1 | Killed from afar by Nikola

Illustrated notes

Levels and vault maps discovered:
D:1:      spicycebolla_arrival_ecumenical, layout_loops_ring, serial_shops,
          nicolae_shop_rolling_square, nicolae_lakefront_shop
D:2:      layout_basic, serial_forest, infiniplex_forest_end_2,
          infiniplex_forest_clump_double, infiniplex_forest_corner_1,
          infiniplex_forest_clump_double, infiniplex_forest_join,
          infiniplex_forest_fountain, infiniplex_forest_straight_3,
          kennysheep_potato, uniq_terence
D:3:      minmay_spotlight, layout_loops_ring, corexii_shack
D:4:      layout_basic, nicolae_hepliaklqana_ecumenical_no_more,
          minmay_temple_entry_ruins
D:5:      layout_basic, grunt_gozag_statues
D:6:      layout_loops_ring, grunt_temple_overflow_bloody_war,
          mainiacjoe_overflow_brackets, minmay_joined_circles
D:7:      layout_basic, chequers_serial_rivers_micro_b
D:8:      minmay_cornered_nines, layout_basic
D:9:      layout_loops_ring, xom_redecorated, slow_altar_2,
          mainiacjoe_overflow_concentric_impassable,
          chequers_temple_overflow_statue_of_worship, orc_0_dummy,
          enter_bailey_5, uniq_maggie, uniq_harold
D:10:     layout_basic, evilmike_ruin_ashenzari, gammafunk_ghost_cemetery
D:11:     layout_irregular_city, lair_entry_dummy, nemelex_lonely_heart_becter
D:12:     layout_irregular_city, minivault_13, uniq_maurice, uniq_azrael
D:13:     layout_roguey, water_maze_lemuel
D:14:     layout_rooms, erik_vaults_2, grunt_dithmenos_shadows, uniq_snorg,
          uniq_kirke
Lair:1:   layout_concentric_octagons, basic_altar, grunt_megastairs_1
Lair:2:   layout_misc_corridors, minmay_shoals_entry_centaurs,
          dummy_spider_entry, minmay_lair_oklob_items, serial_bayou_shore_b
Lair:3:   layout_gridlike
Lair:4:   layout_roguey
Lair:5:   due_jungle_book, layout_cave_pods, minmay_slime_entry_pillars
Shoals:1: argonaut_golden_fleece, layout_shoals, nicolae_shoals_cliffside_cave,
          nicolae_shoals_lost_giant_hut, uniq_nikola
Orc:1:    layout_caves
Orc:2:    hellmonk_orc_salted, layout_diamond_mine, serial_shops,
          nicolae_shop_pleasant_corner_grove, minmay_orc_keep

Skill      XL: |  1  2  3  4  5  6  7  8  9 10 11 12 13 14 15 |
---------------+----------------------------------------------+-----
Axes           | 3 4 5 6 7 9 11 13 15 17 18 20 | 20.3
Fighting       | 4 5 6 7 8 9 11 12 13 14 | 14.9
Armour         | 4 5 6 8 9 10 11 12 13 | 13.8
Invocations    | 1 3 4 7 8 10 11 13 14 15 | 15.0
Ranged Weapons | 3 5 6 |  6.4
Long Blades    | 3 |  3.0
Shields        | |  3.2

Action                     |  1- 3 |  4- 6 |  7- 9 | 10-12 | 13-15 || total
---------------------------+-------+-------+-------+-------+-------++-------
  Melee: War axe           |    57 |    73 |    58 |   628 |   567 ||  1383
         Punch             |     1 |     1 |     5 |     8 |    16 ||    31
         Hand axe          |       |   109 |   263 |    40 |       ||   412
         Scimitar          |       |       |       |       |    29 ||    29
         Battleaxe         |       |       |       |       |   476 ||   476
         Unarmed           |       |       |       |       |     6 ||     6
   Fire: Shortbow          |       |       |       |       |     3 ||     3
  Throw: Dart              |       |       |     4 |     9 |       ||    13
 Invoke: Line Pass         |       |       |     1 |       |     1 ||     2
         Grand Finale      |       |       |       |       |     2 ||     2
  Evoke: Wand              |       |       |       |     5 |    14 ||    19
    Use: Potion            |       |       |     1 |     2 |     5 ||     8
         Scroll            |       |       |       |    25 |    11 ||    36
   Stab: Paralysed         |       |       |    18 |    75 |    83 ||   176
         Confused          |       |       |       |       |     1 ||     1
         Fleeing           |       |       |       |       |     1 ||     1
 Armour: Scale mail        |    28 |    47 |       |       |     9 ||    84
         Chain mail        |       |    63 |   160 |    65 |       ||   288
         Plate armour      |       |       |       |   203 |   591 ||   794
         Skin              |       |       |       |       |     2 ||     2
  Dodge: Dodged            |    33 |    84 |   108 |   159 |   344 ||   728
         Repelled          |       |       |       |       |     1 ||     1
  Block: Other             |       |       |       |       |    12 ||    12

Table legend: (Time is in decaauts)
 A = Elapsed time spent in this place.
 B = Non-inter-level travel time spent in this place.
 C = Inter-level travel time spent in this place.
 D = Time resting spent in this place.
 E = Time spent auto-exploring this place.
 F = Levels seen in this place.
 G = Mean time per level.
                   A        B        C        D        E       F      G
               +--------+--------+--------+--------+--------+-----+--------+
         Total |  25257 |  23223 |   2034 |   4601 |  12640 |  23 | 1098.1 |
       Dungeon |  13605 |  12540 |   1065 |   1848 |   7821 |  14 |  971.8 |
          Lair |   7742 |   6839 |    903 |   1824 |   3310 |   5 | 1548.4 |
        Shoals |    597 |    597 |      0 |    165 |    267 |   1 |  597.0 |
  Orcish Mines |   2097 |   2031 |     66 |    273 |   1132 |   2 | 1048.5 |
        Bailey |   1215 |   1215 |      0 |    490 |    108 |   1 | 1215.0 |
               +--------+--------+--------+--------+--------+-----+--------+

Top non-repeatable levels by time:
  Lair:5: 2055 daAuts
  Lair:2: 1730 daAuts
     D:8: 1677 daAuts
   Orc:2: 1495 daAuts
    D:11: 1447 daAuts
  Lair:4: 1320 daAuts
  Lair:1: 1319 daAuts
  Lair:3: 1316 daAuts
  Bailey: 1215 daAuts
    D:12: 1182 daAuts
     D:2: 1087 daAuts
     D:6: 1070 daAuts
    D:10: 1063 daAuts
     D:9: 1026 daAuts
     D:4: 965 daAuts
